 Dungeon Crawl Stone Soup version 0.29.0-13-gc9e81de378 (webtiles) character file.

Game seed: 17239460848870541839

856897 inmateoo the Axe Maniac (level 27, -8/207 HPs)
             Began as a Gnoll Wanderer on Sept 7, 2022.
             Was the Champion of Cheibriados.
             Killed from afar by a hellion (30 damage)
             ... with damnation
             ... in Pandemonium on Sept 10, 2022.
             The game lasted 02:53:37 (66678 turns).

inmateoo the Axe Maniac (Gnoll Wanderer)           Turns: 66678, Time: 02:53:38

Health: -8/207     AC: 29    Str: 30      XL:     27
Magic:  7/50       EV: 36    Int: 30 (33) God:    Cheibriados [******]
Gold:   6472       SH: 21    Dex: 30      Spells: 3/72 levels left

rFire   + + +      SeeInvis +   a - +18 lance "Wyrmbane" {slay drac, rPois rF+ rC+ AC+3}
rCold   + + +      Faith    .   b - +1 kite shield {rF+}
rNeg    . . .      Spirit   .   r - +3 faerie dragon scales {rElec rCorr Str+5 Dex-2 SInv}
rPois   +          Reflect  .   V - +0 hat "Sisineadusch" {Regen+ rCorr Int-4}
rElec   +          Harm     .   c - +2 cloak {Will+}
rCorr   +          Rampage  .   N - +2 pair of gloves {rC+}
Will    ++++.      Clarity  +   E - +3 pair of mountain boots {steadfast, rC+}
Stlth   ++++......              J - amulet of Vitality {RegenMP++ Regen++}
HPRegen 2.84/turn               Q - ring of protection from fire
MPRegen 1.12/turn               A - ring of Giwaryu {Wiz rElec rC+ Will+}

@: in a vortex, corroded, flying (expiring), glowing, studying 5 skills, unable
to read, very slow
A: fangs 2, strong nose, distributed training, horns 1, iridescent scales 1,
clarity, frail 1, screaming 1, inability to read after injury 1
}: 7/15 runes: decaying, slimy, silver, golden, abyssal, demonic, gossamer
a: Renounce Religion, Bend Time, Temporal Distortion, Slouch, Step From Time


You were in Pandemonium.
You worshipped Cheibriados.
Cheibriados was exalted by your worship.
You visited 12 branches of the dungeon, and saw 58 of its levels.
You visited Pandemonium 2 times, and saw 9 of its levels.
You visited the Abyss 2 times.
You also visited: Trove, Bailey, Ice Cave, Wizlab and Desolation.

You collected 12938 gold pieces.
You spent 6466 gold pieces at shops.

Inventory:

Hand Weapons
 a - the +18 lance "Wyrmbane" (weapon) {slay drac, rPois rF+ rC+ AC+3}
   (You found it on level 4 of the Lair of Beasts)

   It inflicts extra damage against dragons and draconians.
   AC:        It affects your AC (+3).
   rF:        It protects you from fire.
   rC:        It protects you from cold.
   rPois:     It protects you from poison.
 f - the +9 whip "Olettar" {flame, Int+4}
   (You found it on level 12 of the Dungeon)

   It burns those it strikes, dealing additional fire damage.
   Int:       It affects your intelligence (+4).
 n - the +8 trishula "Condemnation" {holy, anguish, *Noise Fly rN+}
   (You took it off a yaktaur on level 5 of the Vaults)

   It has been blessed by the Shining One to cause great damage to the undead
   and demons.
   It inflicts anguish, making its victims' attacks reflect back on them.
   rN:        It protects you from negative energy.
   Fly:       It grants you flight.
   *Noise:    It may make noises in combat.
Missiles
 G - 19 boomerangs (quivered)
 W - a throwing net
Armour
 b - a +1 kite shield of fire resistance (worn)
 c - a +2 cloak of willpower (worn)
 r - the +3 faerie dragon scales (worn) {rElec rCorr Str+5 Dex-2 SInv}
   (You took it off the Enchantress on level 3 of the Depths)

   Str:       It affects your strength (+5).
   Dex:       It affects your dexterity (-2).
   rElec:     It insulates you from electricity.
   SInv:      It lets you see invisible.
   rCorr:     It protects you from acid and corrosion.
 E - the +3 pair of mountain boots (worn) {steadfast, rC+}
   (You found it on level 4 of the Vaults)

   It prevents involuntary movement, except for blinking, teleportation, or
   banishment.
   rC:        It protects you from cold.
 N - a +2 pair of gloves of cold resistance (worn)
 V - the +0 hat "Sisineadusch" (worn) {Regen+ rCorr Int-4}
   (You acquired it on level 2 of the Orcish Mines)

   Int:       It affects your intelligence (-4).
   Regen:     It increases your rate of health regeneration.
   rCorr:     It protects you from acid and corrosion.
Magical Staves
 t - a staff of conjuration
Jewellery
 m - the ring "Bec Vout" {rElec rF+ Will- Int+7}
   (You took it off a ragged hierophant in the Desolation of Salt)

   [ring of protection from fire]

   Int:       It affects your intelligence (+7).
   rF:        It protects you from fire.
   rElec:     It insulates you from electricity.
   Will:      It decreases your willpower.
 A - the ring of Giwaryu (right hand) {Wiz rElec rC+ Will+}
   (You found it on level 5 of the Pits of Slime)

   [ring of wizardry]

   It improves your spell success rate.
   rC:        It protects you from cold.
   rElec:     It insulates you from electricity.
   Will:      It increases your willpower.
 C - a ring of see invisible
 J - the amulet of Vitality (around neck) {RegenMP++ Regen++}
   (You bought it in a shop on level 3 of the Depths)

   [amulet of magic regeneration]

   It increases your rate of magic regeneration.
   Regen:     It increases your rate of health regeneration.
 L - a ring of protection from cold
 Q - a ring of protection from fire (left hand)
Wands
 d - a wand of mindburst (46)
 l - a wand of polymorph (26)
 o - a wand of quicksilver (40)
 y - a wand of flame (128)
 F - a wand of roots (94)
 I - a wand of charming (74)
 M - a wand of digging (5)
Scrolls
 e - 4 scrolls of amnesia
 j - 6 scrolls of blinking
 k - 10 scrolls of poison
 s - 31 scrolls of teleportation
 O - 3 scrolls of magic mapping
 P - 11 scrolls of fear
 S - a scroll of summoning
 T - 9 scrolls of butterflies
 U - 4 scrolls of enchant armour
 Y - a scroll of silence
Potions
 h - 10 potions of brilliance
 i - 7 potions of cancellation
 q - 25 potions of curing
 u - 4 potions of magic
 v - 12 potions of flight
 w - 9 potions of resistance
 x - 18 potions of ambrosia
 z - 15 potions of might
 B - 7 potions of mutation
 D - 7 potions of heal wounds
 K - 5 potions of invisibility
Miscellaneous
 g - a condenser vane
 p - a figurine of a ziggurat
 H - a box of beasts
 R - a phantom mirror


   Skills:
 + Level 22.0 Fighting
 + Level 22.0 Short Blades
 + Level 24.1 Long Blades
 O Level 27 Axes
 + Level 22.0 Maces & Flails
 + Level 22.0 Polearms
 + Level 22.0 Staves
 + Level 22.0 Ranged Weapons
 + Level 22.0 Throwing
 + Level 22.0 Armour
 + Level 22.1 Dodging
 + Level 22.1 Stealth
 + Level 24.7 Shields
 + Level 26.8 Unarmed Combat
 + Level 23.4 Spellcasting
 + Level 18.8 Conjurations
 + Level 18.8 Hexes
 + Level 18.8 Summonings
 + Level 18.8 Necromancy
 + Level 18.8 Translocations
 + Level 23.2 Transmutations
 + Level 18.8 Fire Magic
 + Level 18.8 Ice Magic
 + Level 18.8 Air Magic
 + Level 18.8 Earth Magic
 + Level 18.8 Poison Magic
 + Level 23.7 Invocations
 + Level 22.0 Evocations


You had 3 spell levels left.
You knew the following spells:

 Your Spells              Type           Power      Damage    Failure   Level
a - Polar Vortex          Ice            49%        N/A       19%         9
b - Statue Form           Tmut/Erth      69%        N/A       1%          6
c - Summon Horrible Thin  Summ           49%        N/A       1%          8
d - Maxwell's Capacitive  Air            49%        ∞         1%          8
e - Malign Gateway        Summ/Tloc      49%        N/A       1%          7
f - Summon Mana Viper     Hex/Summ       99%        N/A       0%          5
g - Ignition              Fire           49%        3d14      1%          8
h - Borgnjor's Vile Clut  Necr/Erth      49%        N/A       0%          5
i - Blink                 Tloc           100%       N/A       0%          2
k - Passwall              Tmut/Erth      86%        N/A       0%          2
l - Shatter               Erth           49%        3d38*     19%         9

Your spell library contained the following spells:

 Spells                   Type           Power      Damage    Failure   Level
 Apportation              Tloc           100%       N/A       0%          1
 Foxfire                  Conj/Fire      100%       2x1d9     0%          1
 Magic Dart               Conj           100%       1d8       0%          1
 Necrotise                Necr           100%       1d9       0%          1
 Sandblast                Erth           100%       2d20      0%          1
 Slow                     Hex            100%       N/A       0%          1
 Sting                    Tmut/Pois      100%       1d8       0%          1
 Call Imp                 Summ           99%        N/A       0%          2
 Ensorcelled Hibernation  Hex/Ice        100%       N/A       0%          2
 Poisonous Vapours        Pois/Air       100%       N/A       0%          2
 Scorch                   Fire           100%       2d10      0%          2
 Searing Ray              Conj           100%       2d8       0%          2
 Static Discharge         Conj/Air       99%        3-16/arc  0%          2
 Sublimation of Blood     Necr           99%        N/A       0%          2
 Call Canine Familiar     Summ           99%        N/A       0%          3
 Confusing Touch          Hex            99%        N/A       0%          3
 Dazzling Flash           Conj/Hex       100%       N/A       0%          3
 Frozen Ramparts          Ice            100%       1d16      0%          3
 Gell's Gravitas          Tloc           99%        N/A       0%          3
 Ignite Poison            Fire/Tmut/Pois 100%       N/A       0%          3
 Lesser Beckoning         Tloc           99%        N/A       0%          3
 Mephitic Cloud           Conj/Pois/Air  99%        N/A       0%          3
 Ozocubu's Armour         Ice            99%        N/A       0%          3
 Portal Projectile        Hex/Tloc       100%       N/A       0%          3
 Swiftness                Air            99%        N/A       0%          3
 Teleport Other           Tloc           99%        N/A       0%          3
 Tukima's Dance           Hex            99%        N/A       0%          3
 Vampiric Draining        Necr           99%        2d13      0%          3
 Anguish                  Hex/Necr       49%        N/A       0%          4
 Animate Armour           Summ/Erth      100%       N/A       0%          4
 Animate Dead             Necr           99%        N/A       0%          4
 Corpse Rot               Necr/Pois/Air  99%        N/A       0%          4
 Dispel Undead            Necr           99%        3d31      0%          4
 Fulminant Prism          Conj/Hex       49%        3d21      0%          4
 Hailstorm                Conj/Ice       99%        3d19      0%          4
 Ice Form                 Ice/Tmut       100%       N/A       0%          4
 Iskenderun's Mystic Bla  Conj/Tloc      99%        2d19      0%          4
 Leda's Liquefaction      Hex/Erth       49%        N/A       0%          4
 Olgreb's Toxic Radiance  Pois           99%        N/A       0%          4
 Passage of Golubria      Tloc           99%        N/A       0%          4
 Petrify                  Tmut/Erth      100%       N/A       0%          4
 Sticky Flame             Conj/Fire      99%        2d11      0%          4
 Summon Ice Beast         Ice/Summ       99%        N/A       0%          4
 Summon Lightning Spire   Summ/Air       99%        N/A       0%          4
 Alistair's Intoxication  Tmut/Pois      69%        N/A       0%          5
 Blade Hands              Tmut           54%        N/A       0%          5
 Fireball                 Conj/Fire      49%        3d19      0%          5
 Freezing Cloud           Conj/Ice/Air   49%        6-21      0%          5
 Irradiate                Conj/Tmut      52%        3d29      0%          5
 Lee's Rapid Deconstruct  Erth           49%        3d24*     0%          5
 Lightning Bolt           Conj/Air       49%        1d70      0%          5
 Manifold Assault         Tloc           99%        N/A       0%          5
 Metabolic Englaciation   Hex/Ice        49%        N/A       0%          5
 Silence                  Hex/Air        49%        N/A       0%          5
 Summon Forest            Summ/Tloc      49%        N/A       0%          5
 Yara's Violent Unravell  Hex/Tmut       52%        3d20      0%          5
 Conjure Ball Lightning   Conj/Air       49%        3x3d17    1%          6
 Death Channel            Necr           49%        N/A       1%          6
 Dispersal                Tloc           49%        N/A       1%          6
 Eringya's Noxious Bog    Tmut/Pois      52%        N/A       1%          6
 Iron Shot                Conj/Erth      49%        9d9       1%          6
 Simulacrum               Ice/Necr       49%        N/A       1%          6
 Starburst                Conj/Fire      49%        6d14      1%          6
 Summon Cactus Giant      Summ           49%        N/A       1%          6
 Enfeeble                 Hex            49%        N/A       1%          7
 Haunt                    Necr/Summ      49%        N/A       1%          7
 Monstrous Menagerie      Summ           49%        N/A       1%          7
 Ozocubu's Refrigeration  Ice            49%        4d18      1%          7
 Spellforged Servitor     Conj/Summ      49%        N/A       1%          7
 Storm Form               Tmut/Air       52%        N/A       1%          7
 Summon Hydra             Summ           49%        N/A       1%          7
 Borgnjor's Revivificati  Necr           49%        N/A       1%          8
 Discord                  Hex            49%        N/A       1%          8
 Infestation              Necr           49%        N/A       1%          8
 Lehudib's Crystal Spear  Conj/Erth      49%        10d12     1%          8
 Chain Lightning          Conj/Air       49%        3d66      19%         9
 Fire Storm               Conj/Fire      49%        8d13      19%         9


Dungeon Overview and Level Annotations

Branches:
Dungeon (15/15)            Temple (0/1) D:6            Lair (5/5) D:10
  Swamp (4/4) Lair:2       Spider (4/4) Lair:2        Slime (5/5) Lair:5
    Orc (2/2) D:9             Elf (3/3) Orc:2        Vaults (5/5) D:13
  Crypt (3/3) Vaults:3       Tomb (3/3) Crypt:3      Depths (4/4) D:15
    Zot (5/5) Depths:4     Bailey (visited)           IceCv (visited)
 WizLab (visited)         Desolation (visited)

Altars:
Ashenzari
Cheibriados
Kikubaaqudgha
Okawaru
Ru
Vehumet
Wu Jian
Xom
Yredelemnul
Zin
Jiyva

Shops:
D:1 [   D:4 (   D:15 :   Orc:1 *   Orc:2 *[([   Elf:1 !   Elf:2 *?*   Elf:3 [[
Vaults:2 !   Vaults:3 :   Vaults:4 [   Vaults:5 (   Depths:3 =::   Depths:4 *

Portals:
Hell: Depths:1 Depths:2 Depths:3 Depths:4
Abyss: Depths:1 Depths:2 Depths:3
Pandemonium: Depths:2 Depths:4
Ziggurat: Depths:1

Annotations:
D:6 1 runed translucent door
Depths:3 3 runed translucent doors


Innate Abilities, Weirdness & Mutations

You have extremely sharp teeth.
Your uncanny sense of smell can sniff out nearby items.
Your experience applies equally to all skills.
You have a pair of small horns on your head.
You are partially covered in iridescent scales. (AC +2)
You possess an exceptional clarity of mind.
You are frail. (-10% HP)
You occasionally shout uncontrollably at your foes.
You occasionally lose the ability to read scrolls when taking damage.


Message History

The bolt of negative energy misses you.
A soul eater comes into view.
The cherub shoots an arrow.
You block the arrow.
You cannot read scrolls in your current state!
You feel much better.
An Executioner comes into view.
You block the tormentor's attack. x2
A ynoxinul comes into view.
The demonspawn corrupter mumbles some strange prayers to Lugonu against you.
The entropic weave corrodes you!
Casting: Ignition (mildly dangerous; 1% risk of failure)
Confirm with . or Enter, or press ? or * to list all spells.
A great freezing vortex appears and lifts you up.
You kill the tormentor!
Cheibriados thoroughly appreciates the change of pace.
A sixfirhy comes into view.
A hellion comes into view.
The Tzitzimitl completely misses you. You block the Tzitzimitl's attack.
A demonspawn warmonger comes into view.
It is wielding a +2 demon blade of flaming and wearing a +2 tower shield of cold resistance.
You block the soul eater's attack.
The ynoxinul gestures.
The demonspawn corrupter calls down the wrath of Lugonu upon you.
The cherub shoots an arrow.
The arrow misses you.
Casting: Polar Vortex (dangerous; 19% risk of failure)
Confirm with . or Enter, or press ? or * to list all spells.
You begin accumulating electric charge. (Press . to continue charging.)
You feel charge building up...
You kill the Tzitzimitl!
Cheibriados appreciates the change of pace.
You kill the soul eater!
Cheibriados appreciates the change of pace.
The Executioner gestures.
The Executioner seems to speed up.
The hellion gestures at you.
The sphere of damnation explodes!
The damnation engulfs you!!
* * * LOW HITPOINT WARNING * * *
The cherub shoots an arrow.
You block the arrow. The hellion gestures at you.
The sphere of damnation explodes!
The damnation engulfs you!!
You die...

......2.#
........# .
........## ..
..)......# ...
....§§§§§# ...#
....§§§§§#§..#
....§§§§§§§#
....§§§@§§#
....§§§§§##
....§§§§§§§
....13§§§§§..
.........A.3.≈.
..........≈.≈.≈
.6..$6...≈3≈5..
.........5≈4...


You could see a demonspawn warmonger, a demonspawn corrupter, a cherub, an
Executioner (fast), a soul eater, a sixfirhy, a hellion, a ynoxinul, a chaos
spawn and 2 ufetubi.

Vanquished Creatures
  the Royal Jelly (Slime:5)
  Dissolution (Slime:5)
  A dread lich (Zot:5)
  An ancient lich (Zot:5)
  Mara (Swamp:4)
  5 orbs of fire
  25 royal mummies
  Bai Suzhen (Vaults:4)
  9 Killer Klowns
  A curse toe (Zot:4)
  10 golden dragons
  the Enchantress (Depths:3)
  A bone dragon (Crypt:3)
  3 Tzitzimimeh (Pan)
  3 electric golems (Zot:5)
  3 doom hounds
  3 Brimstone Fiends (Pan)
  4 Hell Sentinels (Pan)
  Jorgrun (D:15)
  An Ice Fiend (Pan)
  Mlioglotl (Swamp:2)
  15 tentacled monstrosities
  24 Orb Guardians (Zot:5)
  7 liches
  3 deep elf blademasters
  5 titans
  10 death cobs
  2 eldritch tentacles
  9 ancient champions
  4 Executioners (Pan)
  8 quicksilver dragons
  3 tentacled starspawn (Abyss:5)
  14 acid blobs
  9 sphinxes
  6 pandemonium lords (Pan)
  The ghost of leavemydog the Eclecticist, an adept DECj of Vehumet (Elf:1)
  Kirke (Lair:3)
  Donald (Crypt:2)
  2 thorn hunters (Swamp:4)
  13 storm dragons
  9 azure jellies
  4 revenants
  2 fenstrider witches (Swamp:2)
  10 draconian monks
  9 rockslimes
  A demonspawn warmonger (Pan)
  9 draconian knights
  11 shadow dragons
  6 tengu reavers
  15 vault wardens
  7 fire giants
  9 draconian scorchers
  5 cacodemons (Pan)
  6 emperor scorpions
  12 frost giants
  4 deep elf sorcerers
  13 ghost moths
  Aizul (Crypt:1)
  3 balrugs (Pan)
  2 iron dragons
  Louise (Spider:3)
  A caustic shrike zombie (WizLab)
  A curse skull (Crypt:2)
  An imperial myrmidon (Desolation)
  2 angels (Depths:1)
  3 orc warlords
  3 draconian stormcallers
  9 draconian shifters
  8 stone giants
  4 reapers (Pan)
  14 ironbound preservers
  A spectral caustic shrike (WizLab)
  6 draconian annihilators
  3 deep elf elementalists (Elf:3)
  3 spriggan defenders (Depths:3)
  30 very ugly things
  6 quicksilver oozes
  6 war gargoyles
  A demonspawn blood saint (Pan)
  3 demonspawn corrupters (Pan)
  2 broodmothers
  5 ironbound thunderhulks
  7 lorocyprocas (Pan)
  12 black draconians
  8 bennus
  2 dire elephants (Depths:2)
  15 green draconians
  8 deep elf annihilators
  3 starflowers (Abyss:5)
  A bunyip (Swamp:1)
  5 vampire knights
  8 demonspawn black suns (Pan)
  2 deep elf demonologists
  2 eleionomae (Swamp:4)
  6 halazid warlocks
  A wendigo (Depths:4)
  8 purple draconians
  20 yellow draconians
  20 white draconians
  10 spark wasps
  2 entropy weavers
  A minotaur (Elf:2)
  5 eidola
  A spectral titan (WizLab)
  13 red draconians
  12 ettins
  A blizzard demon (Pan)
  9 deep elf death magi
  A quicksilver dragon zombie (WizLab)
  A spectral quicksilver dragon (WizLab)
  4 crystal guardians
  7 deep elf high priests
  8 jiangshi
  22 mummy priests
  A spriggan zombie (Crypt:3)
  6 green deaths
  7 ragged hierophants (Desolation)
  3 shambling mangroves
  8 yaktaur captains
  7 fire dragons
  A great orb of eyes (shapeshifter) (Vaults:5)
  12 great orbs of eyes
  9 ice dragons
  2 hell beasts
  A salamander tyrant (Depths:4)
  3 servants of whispers (Desolation)
  3 boulder beetles
  7 hydras
  4 spriggan air magi
  5 peacekeepers
  A catoblepas (Depths:2)
  The ghost of sentinel the Spear-Bearer, a journeyman DsCA of Ignis (D:10)
  29 vault guards
  A two-headed ogre (D:12)
  2 alligators
  An ogre mage (Vaults:5)
  2 radroaches (Spider:4)
  A death knight (Crypt:1)
  15 ironbound frosthearts
  4 spriggan skeletons
  A ghost crab (Swamp:3)
  24 dancing weapons
  4 death yaks (Lair:5)
  3 anacondas (Depths:2)
  7 centaur warriors
  3 hell hogs
  2 thrashing horrors (Abyss:5)
  4 deep troll earth magi
  9 tengu warriors
  4 deep troll shamans (Depths:1)
  10 spriggan berserkers
  3 holy swine (Pan)
  A shock serpent (shapeshifter) (Depths:3)
  25 death scarabs
  3 orc high priests (Orc:2)
  12 soul eaters (Pan)
  2 titan zombies
  4 vampire magi
  An Orb Guardian skeleton (Crypt:1)
  19 sun demons
  7 deep elf knights
  7 hell knights
  Amaemon (Lair:2)
  A sun moth (Spider:4)
  A salamander mystic (Depths:4)
  5 sixfirhies
  A wretched star (Abyss:5)
  A shadow wraith (Crypt:2)
  3 iron trolls
  4 pharaoh ants
  24 skeletal warriors
  A death drake (shapeshifter) (Vaults:5)
  7 orb spiders
  2 bunyip zombies
  4 spriggan druids
  8 swamp dragons
  3 glowing orange brains
  A death drake (Swamp:2)
  30 deep trolls
  An orange crystal statue (Swamp:2)
  5 flayed ghosts
  3 spark wasp zombies
  2 goliath frogs
  7 steelbarb worms
  7 deep elf archers
  6 shadow demons (Pan)
  A spectral wolf spider (WizLab)
  A goliath frog zombie (Crypt:1)
  A glowing orange brain (shapeshifter) (D:13)
  19 ironbound convokers
  2 anaconda skeletons
  2 wizards
  12 lindwurms
  2 harpies (Depths:2)
  8 orc knights
  6 phantasmal warriors
  17 deep elf pyromancers
  24 ugly things
  9 necromancers
  26 deep elf zephyrmancers
  16 oklob plants
  2 spectral spriggans (WizLab)
  A tengu skeleton (Vaults:2)
  2 shining eyes (Slime:4)
  13 wolf spiders
  A cyclops (D:9)
  A will-o-the-wisp (Swamp:4)
  6 orc sorcerers
  3 salamanders (Depths:4)
  23 moths of wrath
  6 smoke demons
  A sphinx skeleton (Depths:1)
  6 rust devils
  A shock serpent zombie (Crypt:2)
  A stone giant skeleton (Vaults:2)
  12 elephants
  An elephant slug zombie (Crypt:1)
  5 orange demons
  3 torpor snails
  4 guardian serpents
  18 vault sentinels
  4 eyes of devastation
  2 centaur skeletons
  A storm dragon simulacrum (Crypt:1)
  3 komodo dragons
  5 cane toads
  15 demonic crawlers
  A death yak zombie (Crypt:1)
  A dire elephant skeleton (Crypt:1)
  3 freezing wraiths (Crypt:1)
  3 hellions
  3 tengu conjurers
  A redback zombie (Crypt:2)
  An unseen horror (D:11)
  7 yaktaurs
  9 rime drakes
  An anaconda simulacrum (Crypt:2)
  3 hellwings (Pan)
  2 tormentors (Pan)
  2 meliai (shapeshifter)
  39 guardian mummies
  A spectral harpy (WizLab)
  6 meliai
  5 red devils
  4 trolls
  14 polar bears
  A shadow dragon simulacrum (Depths:4)
  4 tyrant leeches
  22 tarantellas
  20 hornets
  35 saltlings
  65 slime creatures
  Grinder (D:3)
  7 blink frogs
  A hydra skeleton (Crypt:2)
  An iron dragon simulacrum (Depths:2)
  7 raiju (Abyss:5)
  A sphinx simulacrum (Depths:4)
  A harpy skeleton (Crypt:3)
  2 dream sheep
  A great orb of eyes zombie (Crypt:1)
  A fire giant simulacrum (Depths:2)
  13 jumping spiders
  2 air elementals
  51 flying skulls
  A fire dragon skeleton (Crypt:1)
  A shadow (D:12)
  9 ushabtiu
  A wraith (Crypt:1)
  An ice dragon skeleton (Crypt:2)
  10 ynoxinuls
  14 culicivoras
  An ettin skeleton (Tomb:3)
  23 spriggans
  11 water elementals
  17 yaks
  3 nameless horrors
  2 hogs
  23 redbacks
  4 wyverns
  8 chaos spawn
  3 basilisks
  3 neqoxecs (Pan)
  6 large abominations (Pan)
  3 steam dragons
  2 vampire mosquitoes
  4 wargs
  An acid dragon (D:10)
  5 swamp worms
  A cane toad zombie (Crypt:2)
  A small abomination (Abyss:5)
  2 naga skeletons
  6 water moccasins
  A floating eye (shapeshifter) (Vaults:5)
  A floating eye (Depths:1)
  An ice beast (D:5)
  10 swamp drakes
  22 orc warriors
  6 ogres
  A black bear (Lair:5)
  A boggart (Lair:5)
  22 wolves
  6 centaurs
  A phantom (D:5)
  An eye of devastation zombie (Crypt:1)
  2 human skeletons
  8 bullfrogs
  2 necrophages
  7 scorpions
  2 gnoll sergeants
  A glowing shapeshifter simulacrum (Depths:4)
  3 earth elementals
  A komodo dragon skeleton (Crypt:2)
  A naga simulacrum (Crypt:2)
  A water moccasin zombie (D:6)
  A wight (D:10)
  A polar bear zombie (Crypt:1)
  2 killer bees
  A yak skeleton (Crypt:1)
  4 wolf zombies (Bailey)
  5 howler monkeys
  A human simulacrum (Vaults:2)
  2 centaur zombies (D:6)
  A bullfrog zombie (D:6)
  6 hounds
  A jelly (D:4)
  14 orc priests
  3 iguanas
  21 orc wizards
  2 hell rats (Lair:2)
  Ijyb (D:5)
  An acid dragon zombie (Crypt:1)
  24 mummies
  A howler monkey zombie (D:6)
  3 gnolls (D:11)
  A howler monkey skeleton (D:6)
  9 adders
  7 orc zombies (Bailey)
  A shadow imp (D:4)
  2 white imps
  2 ufetubi (D:5)
  2 worms
  3 dart slugs
  57 orcs
  5 endoplasms
  6 giant cockroaches
  6 goblins
  10 hobgoblins
  10 jackals
  6 quokkas
  A river rat zombie (Crypt:2)
  10 ball pythons
  10 bats
  6 kobolds
  A quokka zombie (Crypt:2)
  4 rats
  2 butterflies (D:6)
  7 starspawn tentacles (Abyss:5)
2267 creatures vanquished.

Vanquished Creatures (collateral kills)
  A dread lich (Crypt:3)
  An ancient lich (Zot:5)
  5 royal mummies
  Sojobo (Depths:1)
  Margery (Vaults:4)
  Frederick (Vaults:3)
  Xtahua (Vaults:3)
  A caustic shrike (Depths:2)
  The ghost of Imanium the Warrior, an adept MiFi of Okawaru (Elf:2)
  A golden dragon (Vaults:5)
  A Brimstone Fiend (Pan)
  3 tentacled monstrosities
  An Ice Fiend (Pan)
  2 liches (Depths:1)
  2 quicksilver dragons
  An Orb Guardian (Zot:5)
  Grunn (Zot:2)
  An ancient champion (Tomb:2)
  9 acid blobs
  2 deep elf master archers (Elf:3)
  Asterion (Depths:1)
  2 tengu reavers (Depths:1)
  A thorn hunter (Swamp:4)
  Agnes (D:14)
  5 shadow dragons
  3 revenants
  Roxanne (D:15)
  8 rockslimes
  A fire giant (Vaults:2)
  An azure jelly (Slime:1)
  A deep elf sorcerer (Elf:3)
  A draconian monk (Zot:4)
  A demonspawn warmonger (Pan)
  A draconian scorcher (Depths:4)
  2 vault wardens
  2 frost giants
  An emperor scorpion (Spider:1)
  2 juggernaut zombies (Depths:1)
  A cacodemon (Pan)
  4 balrugs
  An orc warlord (Vaults:2)
  A draconian shifter (Zot:1)
  2 demonspawn corrupters (Pan)
  A demonspawn blood saint (Pan)
  2 reapers (Pan)
  3 stone giants
  A juggernaut skeleton (Crypt:3)
  7 ironbound preservers
  2 war gargoyles
  2 vampire knights
  6 very ugly things
  3 ironbound thunderhulks
  A deep elf demonologist (Elf:3)
  2 green draconians
  A red draconian (Zot:2)
  12 bennus
  A demonspawn black sun (Pan)
  3 yellow draconians
  2 eleionomae (Swamp:4)
  3 white draconians
  2 spark wasps
  5 bunyips
  Snorg (Lair:3)
  3 deep elf death magi
  2 mummy priests
  A fire dragon (Depths:2)
  A blizzard demon (Pan)
  2 crystal guardians
  2 shambling mangroves (Swamp:2)
  A yaktaur captain (Vaults:3)
  An ettin (Depths:1)
  A ragged hierophant (Desolation)
  5 great orbs of eyes
  A green death (Pan)
  A jiangshi (WizLab)
  2 eidola (Crypt:1)
  4 deep elf high priests
  2 rakshasas
  A great orb of eyes (shapeshifter) (Vaults:5)
  18 hydras
  2 ice dragons
  A ghost crab (Swamp:2)
  2 servants of whispers (Desolation)
  A jorogumo (Spider:1)
  2 catoblepae
  An ogre mage (D:15)
  2 boulder beetles
  2 hell hogs
  3 peacekeepers
  7 two-headed ogres
  An alligator (Swamp:2)
  3 centaur warriors
  3 ironbound frosthearts
  3 tengu warriors
  A death yak (Lair:5)
  A vampire mage (Crypt:1)
  10 death scarabs (Tomb:1)
  2 spriggan berserkers
  2 deep troll earth magi (Depths:3)
  5 dancing weapons
  2 orc high priests
  Urug (Lair:3)
  5 sun demons (Pan)
  6 hell knights
  3 soul eaters (Pan)
  6 deep elf knights
  A fire crab (shapeshifter) (Tomb:1)
  4 shadow wraiths
  A sea snake (shapeshifter) (D:15)
  2 flayed ghosts
  2 golden dragon zombies (Crypt:3)
  12 skeletal warriors
  3 goliath frogs
  7 bog bodies
  21 deep trolls
  2 pharaoh ants
  3 swamp dragons (Swamp:4)
  A deep elf archer (Elf:2)
  3 shadow demons (Pan)
  9 deep elf zephyrmancers
  An orb spider (Spider:2)
  A steelbarb worm (Spider:4)
  A bunyip zombie (Crypt:3)
  A phantasmal warrior (Vaults:5)
  2 wizards
  8 necromancers
  An orange crystal statue (IceCv)
  3 lindwurms
  A harpy (shapeshifter) (D:15)
  4 ironbound convokers
  4 orc knights
  A manticore (D:12)
  2 orc sorcerers (D:9)
  3 wolf spiders
  33 ugly things
  2 wolf spider zombies (D:15)
  4 shining eyes
  3 will-o-the-wisps
  12 deep elf pyromancers
  A shadow dragon skeleton (Crypt:2)
  2 moths of wrath
  3 cyclopes
  An iron dragon skeleton (Depths:2)
  A black mamba (Lair:5)
  2 centaur zombies
  12 elephants
  4 vault sentinels
  A torpor snail (D:13)
  6 smoke demons (Pan)
  A gargoyle (Bailey)
  2 eyes of devastation
  A guardian serpent (Desolation)
  4 cane toads
  3 orange demons
  2 rime drakes (IceCv)
  An alligator snapping turtle zombie (Crypt:2)
  A demonic crawler (Spider:4)
  6 komodo dragons
  3 yaktaurs (Vaults:4)
  2 unseen horrors
  8 guardian mummies
  A harpy zombie (Crypt:3)
  8 trolls
  6 meliai
  4 polar bears
  5 tyrant leeches
  12 hornets
  15 saltlings
  68 slime creatures
  A large abomination (Pan)
  A dream sheep (Lair:5)
  13 blink frogs
  9 flying skulls
  A jumping spider (shapeshifter) (Depths:1)
  A centaur simulacrum (D:14)
  2 vampires
  4 jumping spiders
  11 spriggans
  3 shadows
  3 water elementals
  5 wyverns
  A wraith (Crypt:1)
  2 culicivoras (Spider:1)
  2 basilisks
  An ushabti (Tomb:2)
  Eustachio (D:6)
  24 yaks
  3 steam dragons
  2 neqoxecs (Pan)
  5 hogs (Lair:3)
  6 redbacks
  5 vampire mosquitoes
  A chaos spawn (Pan)
  A naga zombie (Crypt:3)
  7 swamp worms
  5 water moccasins
  9 black bears
  A hornet zombie (D:15)
  14 orc warriors
  2 swamp drakes
  A naga skeleton (Crypt:2)
  A sky beast (D:7)
  5 centaurs
  3 boggarts (Lair:5)
  6 ogres
  20 wolves
  A kobold brigand (D:10)
  6 bullfrogs
  A human zombie (Vaults:2)
  4 scorpions
  3 necrophages
  3 wights (D:9)
  3 killer bees (D:9)
  5 howler monkeys
  2 nameless horrors
  6 vampire bats (Bailey)
  2 wolf zombies (Bailey)
  A bullfrog zombie (D:6)
  A hound (D:13)
  A black bear zombie (Crypt:2)
  10 orc priests
  Crazy Yiuf (D:6)
  9 orc wizards
  5 hell rats (Lair:2)
  19 mummies
  27 orcs
  An endoplasm (D:1)
  A quokka (D:1)
  11 orc zombies (Bailey)
  2 briar patches (Swamp:4)
  A butterfly (Lair:1)
918 creatures vanquished.

Vanquished Creatures (others)
  83 eldritch tentacles
  A draconian scorcher (Zot:3)
  A draconian annihilator (Zot:3)
  A stone giant (Vaults:5)
  A yellow draconian (Zot:4)
  2 spark wasps (Spider:4)
  An ettin (Vaults:5)
  An ironbound frostheart (Vaults:3)
  A spriggan berserker (Swamp:4)
  3 deep elf knights
  A deep elf pyromancer (Orc:1)
  A torpor snail (Spider:4)
  A hellion (Tomb:2)
  A bloated husk (Swamp:3)
  A hornet (Swamp:4)
  2 saltlings (Desolation)
  2 spriggans
  A flying skull (WizLab)
  A human (Lair:3)
  A vampire mosquito (D:13)
  An orc wizard (Orc:2)
  An orc (Orc:1)
  A bush (Lair:3)
  4 demonic plants (Abyss:5)
  32 foxfires
  29 fungi
  75 plants
  25 snaplasher vines
  7 starspawn tentacles (Abyss:5)
282 creatures vanquished.

Grand Total: 3467 creatures vanquished

Notes
Turn   | Place    | Note
-------+----------+-------------------------------------------
     0 | D:1      | inmateoo the Gnoll Wanderer began the quest for the Orb.
     0 | D:1      | inmateoo set off with the following items: a +0 dagger, a
                  | +0 buckler, a potion of lignification, a +0 robe, a scroll
                  | of vulnerability; and the following spells available to
                  | memorise: Apportation, Necrotise, Sandblast, Tukima's
                  | Dance.
     0 | D:1      | Reached XP level 1. HP: 13/13 MP: 10/10
     2 | D:1      | Learned a level 1 spell: Necrotise
     4 | D:1      | Learned a level 1 spell: Sandblast
    92 | D:1      | Reached XP level 2. HP: 12/19 MP: 2/12
   629 | D:1      | Reached XP level 3. HP: 24/25 MP: 13/13
   661 | D:1      | Found Modiyh's Armour Shoppe.
   867 | D:1      | Found a faded altar of an unknown god.
  1017 | D:2      | Reached skill level 1 in Invocations
  1156 | D:2      | Reached skill level 1 in Fighting
  1156 | D:2      | Reached skill level 1 in Short Blades
  1156 | D:2      | Reached skill level 1 in Long Blades
  1156 | D:2      | Reached skill level 1 in Axes
  1156 | D:2      | Reached skill level 1 in Maces & Flails
  1156 | D:2      | Reached skill level 1 in Polearms
  1156 | D:2      | Reached skill level 1 in Staves
  1156 | D:2      | Reached skill level 1 in Ranged Weapons
  1156 | D:2      | Reached skill level 1 in Throwing
  1156 | D:2      | Reached skill level 1 in Armour
  1156 | D:2      | Reached skill level 1 in Unarmed Combat
  1156 | D:2      | Reached skill level 1 in Evocations
  1163 | D:2      | HP: 1/26 [poisoned by an adder]
  1921 | D:2      | Reached XP level 4. HP: 32/32 MP: 15/15
  1940 | D:2      | Learned a level 2 spell: Blink
  2020 | D:3      | Noticed Grinder
  2024 | D:3      | Paralysed by Grinder for 5 turns
  2046 | D:3      | Killed Grinder
  2047 | D:3      | Reached skill level 1 in Conjurations
  2047 | D:3      | Reached skill level 1 in Hexes
  2047 | D:3      | Reached skill level 1 in Summonings
  2047 | D:3      | Reached skill level 1 in Necromancy
  2047 | D:3      | Reached skill level 1 in Translocations
  2047 | D:3      | Reached skill level 1 in Transmutations
  2047 | D:3      | Reached skill level 1 in Fire Magic
  2047 | D:3      | Reached skill level 1 in Ice Magic
  2047 | D:3      | Reached skill level 1 in Air Magic
  2047 | D:3      | Reached skill level 1 in Earth Magic
  2047 | D:3      | Reached skill level 1 in Poison Magic
  2047 | D:3      | Reached XP level 5. HP: 15/38 MP: 13/17
  2047 | D:3      | Reached XP level 6. HP: 18/44 MP: 13/18
  2384 | D:3      | Reached skill level 2 in Axes
  2651 | D:3      | Found an ornate altar of the Wu Jian Council.
  3162 | D:3      | Learned a level 4 spell: Olgreb's Toxic Radiance
  3287 | D:4      | Identified the ring "Gigoaf" {Ice MP+9 Int+2 Dex+5}
  3528 | D:4      | Found a shimmering altar of Xom.
  3635 | D:4      | Reached XP level 7. HP: 46/50 MP: 20/20
  4220 | D:4      | Found Jakopi's Antique Weapon Emporium.
  4470 | D:4      | Found a snail-covered altar of Cheibriados.
  4669 | D:4      | Became a worshipper of Cheibriados the Contemplative
  4696 | D:5      | Entered Level 5 of the Dungeon
  5109 | D:5      | Noticed Ijyb
  5122 | D:5      | Killed Ijyb
  5248 | D:5      | Learned a level 3 spell: Tukima's Dance
  5298 | D:5      | Reached skill level 3 in Axes
  5298 | D:5      | Reached XP level 8. HP: 32/58 MP: 21/21
  5330 | D:5      | Learned a level 4 spell: Summon Ice Beast
  5452 | D:5      | Reached * piety under Cheibriados
  5707 | D:6      | Noticed a troll
  5714 | D:6      | Killed a troll
  5715 | D:6      | Reached skill level 10 in Spellcasting
  5866 | D:6      | Noticed Eustachio
  5887 | D:6      | Killed Eustachio
  6020 | D:6      | Reached XP level 9. HP: 55/65 MP: 23/23
  6031 | D:6      | Reached skill level 4 in Axes
  6132 | D:6      | Found a glowing silver altar of Zin.
  6229 | D:6      | Found a runed translucent door.
  6230 | D:6      | Noticed Crazy Yiuf
  6359 | D:6      | Found a runed translucent door.
  6361 | D:6      | Found a runed translucent door.
  6378 | D:6      | Found a staircase to the Ecumenical Temple.
  6590 | D:6      | Killed Crazy Yiuf
  6703 | D:6      | Reached skill level 5 in Dodging
  6704 | D:6      | Reached ** piety under Cheibriados
  6705 | D:6      | Reached skill level 5 in Stealth
  6721 | D:6      | Reached skill level 5 in Invocations
  7120 | D:7      | Noticed a hornet
  7129 | D:7      | Killed a hornet
  7158 | D:7      | Learned a level 5 spell: Summon Mana Viper
  7213 | D:7      | Reached skill level 5 in Fighting
  7213 | D:7      | Reached skill level 5 in Short Blades
  7213 | D:7      | Reached skill level 5 in Long Blades
  7213 | D:7      | Reached skill level 5 in Axes
  7213 | D:7      | Reached skill level 5 in Maces & Flails
  7213 | D:7      | Reached skill level 5 in Polearms
  7213 | D:7      | Reached skill level 5 in Staves
  7213 | D:7      | Reached skill level 5 in Ranged Weapons
  7213 | D:7      | Reached skill level 5 in Throwing
  7213 | D:7      | Reached skill level 5 in Armour
  7213 | D:7      | Reached skill level 5 in Unarmed Combat
  7213 | D:7      | Reached skill level 5 in Evocations
  7213 | D:7      | Reached XP level 10. HP: 71/74 MP: 24/24
  7446 | D:7      | Reached *** piety under Cheibriados
  7451 | D:7      | Identified the +0 mace "Yvvefoz" {vorpal, Dex+4}
  7814 | D:8      | Found an iron altar of Okawaru.
  7867 | D:8      | Identified a scroll of acquirement
  8302 | D:8      | Identified the +1 halberd "Zaffoank" {flame, Int+2}
  8569 | D:9      | Found a flagged portal.
  8580 | Bailey   | Entered a bailey
  8631 | Bailey   | Reached **** piety under Cheibriados
  8966 | Bailey   | Reached ***** piety under Cheibriados
  9075 | Bailey   | Noticed a gargoyle
  9084 | Bailey   | Killed a gargoyle
  9238 | Bailey   | Identified the +4 scale mail of the Arena {rC+}
  9561 | D:9      | Noticed a deep elf pyromancer
  9569 | D:9      | Killed a deep elf pyromancer
  9570 | D:9      | Reached skill level 6 in Axes
  9570 | D:9      | Reached skill level 5 in Conjurations
  9570 | D:9      | Reached skill level 5 in Hexes
  9570 | D:9      | Reached skill level 5 in Summonings
  9570 | D:9      | Reached skill level 5 in Necromancy
  9570 | D:9      | Reached skill level 5 in Translocations
  9570 | D:9      | Reached skill level 5 in Transmutations
  9570 | D:9      | Reached skill level 5 in Fire Magic
  9570 | D:9      | Reached skill level 5 in Ice Magic
  9570 | D:9      | Reached skill level 5 in Air Magic
  9570 | D:9      | Reached skill level 5 in Earth Magic
  9570 | D:9      | Reached skill level 5 in Poison Magic
  9620 | D:9      | Reached XP level 11. HP: 81/81 MP: 26/26
  9630 | D:9      | Noticed a nameless horror
  9635 | D:9      | Noticed an orc sorcerer
  9784 | D:9      | Noticed a centaur warrior
  9790 | D:9      | Killed a centaur warrior
 10148 | D:9      | Found a staircase to the Orcish Mines.
 10158 | D:9      | Noticed a centaur warrior
 10161 | D:9      | Killed a centaur warrior
 10303 | D:9      | Noticed a cyclops
 10315 | D:9      | Noticed a deep elf pyromancer
 10334 | D:9      | Killed a deep elf pyromancer
 10336 | D:9      | Killed a cyclops
 10345 | D:9      | Got the Volume of the Poisonous Compass
 10487 | D:9      | Noticed an orc sorcerer
 10493 | D:9      | Noticed a soul eater
 10493 | D:9      | Killed an orc sorcerer
 10548 | D:9      | Killed an orc sorcerer
 10688 | D:9      | Reached skill level 7 in Axes
 10906 | D:10     | Entered Level 10 of the Dungeon
 11004 | D:10     | Noticed a seven-headed hydra
 11007 | D:10     | Found a transporter.
 11014 | D:10     | Killed a seven-headed hydra
 11015 | D:10     | Reached XP level 12. HP: 82/91 MP: 22/27
 11076 | D:10     | Found a staircase to the Lair.
 11104 | D:10     | Found a transporter.
 11105 | D:10     | Noticed a centaur warrior
 11122 | D:10     | Noticed sentinel's ghost (journeyman DsCA)
 11264 | D:10     | Noticed a fire dragon
 11341 | D:10     | Found a broken altar of Ashenzari.
 11345 | D:10     | Saw a vision of the Swamp and the Spider Nest.
 11345 | D:10     | Noticed a radroach
 11345 | D:10     | Noticed a bunyip
 11347 | D:10     | Noticed a five-headed hydra
 12045 | D:11     | Noticed a boulder beetle
 12059 | D:11     | Killed a boulder beetle
 12298 | D:12     | Reached skill level 10 in Shields
 12442 | D:12     | Reached ****** piety under Cheibriados
 12452 | D:12     | Found a portal to a secret trove of treasure.
 12461 | Trove    | Entered a treasure trove
 12476 | Trove    | Identified the +7 dagger of Gielo {antimagic, rElec rC+}
 12640 | D:12     | Noticed a two-headed ogre
 12642 | D:12     | Noticed a two-headed ogre
 12648 | D:12     | Killed a two-headed ogre
 12649 | D:12     | Killed a two-headed ogre
 12870 | D:12     | Learned a level 5 spell: Summon Forest
 13043 | D:12     | Identified the +9 whip "Olettar" {flame, Int+4}
 13321 | D:12     | Reached skill level 8 in Axes
 13690 | D:13     | Noticed Nessos
 13703 | D:13     | Noticed Nessos
 13703 | D:13     | Nessos changed into Nessos the torpor snail
 13704 | D:13     | Reached XP level 13. HP: 57/98 MP: 29/29
 13709 | D:13     | Killed Nessos the torpor snail
 14406 | D:13     | Found a huge runed translucent gate.
 14407 | D:13     | Found a huge runed translucent gate.
 14407 | D:13     | Found a huge runed translucent gate.
 14407 | D:13     | Found a huge runed translucent gate.
 14690 | D:13     | Found a gate to the Vaults.
 15208 | D:14     | Noticed Agnes
 15217 | D:14     | Killed Agnes
 15218 | D:14     | Reached skill level 9 in Axes
 16106 | D:15     | Entered Level 15 of the Dungeon
 16117 | D:14     | Reached skill level 10 in Invocations
 16117 | D:14     | Reached XP level 14. HP: 97/108 MP: 30/30
 16367 | D:15     | Reached skill level 10 in Axes
 16477 | D:15     | Noticed Jorgrun
 16486 | D:15     | Killed Jorgrun
 16513 | D:15     | Reached skill level 10 in Dodging
 16637 | D:15     | Found Jumau's Book Shop.
 16667 | D:15     | Identified Roxanne's Papyrus of the Caves
 16667 | D:15     | Noticed Roxanne
 16707 | D:15     | Reached skill level 10 in Stealth
 16967 | D:15     | Found a staircase to the Depths.
 17038 | D:15     | Found a glowing silver altar of Zin.
 17164 | D:15     | Reached skill level 11 in Axes
 17407 | D:15     | Killed Roxanne
 17423 | D:15     | Learned a level 5 spell: Borgnjor's Vile Clutch
 17430 | D:15     | Learned a level 6 spell: Statue Form
 17527 | Lair:1   | Entered Level 1 of the Lair of Beasts
 17571 | Lair:1   | Reached skill level 10 in Fighting
 17571 | Lair:1   | Reached skill level 10 in Short Blades
 17571 | Lair:1   | Reached skill level 10 in Long Blades
 17571 | Lair:1   | Reached skill level 10 in Maces & Flails
 17571 | Lair:1   | Reached skill level 10 in Polearms
 17571 | Lair:1   | Reached skill level 10 in Staves
 17571 | Lair:1   | Reached skill level 10 in Ranged Weapons
 17571 | Lair:1   | Reached skill level 10 in Throwing
 17571 | Lair:1   | Reached skill level 10 in Armour
 17571 | Lair:1   | Reached skill level 10 in Unarmed Combat
 17571 | Lair:1   | Reached skill level 10 in Evocations
 18049 | Lair:1   | Reached XP level 15. HP: 115/115 MP: 32/32
 18301 | Lair:2   | Found a staircase to the Swamp.
 18359 | Lair:2   | Noticed Amaemon
 18371 | Lair:2   | Killed Amaemon
 18841 | Lair:2   | Found a hole to the Spider Nest.
 19176 | Lair:3   | Noticed Urug
 19443 | Lair:3   | Noticed Snorg
 19448 | Lair:3   | Killed Snorg
 19449 | Lair:3   | Reached skill level 12 in Axes
 19841 | Lair:3   | Learned a level 5 spell: Manifold Assault
 19852 | Lair:3   | Noticed Kirke
 19856 | Lair:3   | Killed Kirke
 20349 | Lair:3   | Killed Urug
 21104 | Lair:4   | Found the +8 lance "Wyrmbane" {slay drac, rPois rF+ rC+
                  | AC+3}
 21545 | Lair:5   | Entered Level 5 of the Lair of Beasts
 21729 | Lair:5   | Found a viscous altar of Jiyva.
 21831 | Lair:5   | Found a staircase to the Slime Pits.
 21834 | Lair:5   | Reached XP level 16. HP: 124/124 MP: 19/34
 22068 | Lair:5   | Reached skill level 13 in Axes
 23561 | D:10     | Killed sentinel's ghost
 23714 | Orc:1    | Entered Level 1 of the Orcish Mines
 23784 | Orc:2    | Entered Level 2 of the Orcish Mines
 23805 | Orc:2    | Found a staircase to the Elven Halls.
 24214 | Orc:2    | Found Lecew's Armour Boutique.
 24333 | Orc:2    | Found Capsuaw's Armour Emporium.
 24334 | Orc:2    | Found Felezetz's General Store.
 24335 | Orc:2    | Found Raunid's Antique Weapon Emporium.
 24356 | Orc:2    | Bought a potion of heal wounds for 80 gold pieces
 24356 | Orc:2    | Bought a scroll of magic mapping for 120 gold pieces
 24568 | Orc:1    | Found Huce's Assorted Antiques.
 24579 | Orc:1    | Bought a scroll labelled RENAORAAPIE for 23 gold pieces
 24579 | Orc:1    | Bought a potion of curing for 69 gold pieces
 24579 | Orc:1    | Bought an emerald-studded scale mail for 207 gold pieces
 24579 | Orc:1    | Identified the +0 scale mail of Astroo Huib {rCorr} (You
                  | bought it in a shop on level 1 of the Orcish Mines)
 25025 | Orc:2    | Acquired the +0 hat "Sisineadusch" {Regen+ rCorr Int-4}
 25049 | Orc:2    | Acquired 922 gold pieces
 25179 | Swamp:1  | Entered Level 1 of the Swamp
 25233 | Swamp:1  | Reached skill level 14 in Axes
 25352 | Swamp:1  | Reached XP level 17. HP: 124/133 MP: 35/35
 25903 | Swamp:2  | Noticed a tentacled monstrosity
 25907 | Swamp:2  | Found a transporter.
 25907 | Swamp:2  | Identified the amulet of the Mackerel {rElec Will+ Regen+
                  | Slay+2}
 25931 | Swamp:2  | Reached skill level 10 in Conjurations
 25931 | Swamp:2  | Reached skill level 10 in Hexes
 25931 | Swamp:2  | Reached skill level 10 in Summonings
 25931 | Swamp:2  | Reached skill level 10 in Necromancy
 25931 | Swamp:2  | Reached skill level 10 in Translocations
 25931 | Swamp:2  | Reached skill level 10 in Transmutations
 25931 | Swamp:2  | Reached skill level 10 in Fire Magic
 25931 | Swamp:2  | Reached skill level 10 in Ice Magic
 25931 | Swamp:2  | Reached skill level 10 in Air Magic
 25931 | Swamp:2  | Reached skill level 10 in Earth Magic
 25931 | Swamp:2  | Reached skill level 10 in Poison Magic
 26394 | Swamp:2  | Found a transporter.
 26402 | Swamp:2  | Noticed Mlioglotl
 26427 | Swamp:2  | Gained mutation: You occasionally lose the ability to drink
                  | potions when taking damage. [a neqoxec]
 26428 | Swamp:2  | Killed Mlioglotl
 27024 | Swamp:3  | Reached skill level 15 in Spellcasting
 27157 | Swamp:4  | Entered Level 4 of the Swamp
 27257 | Swamp:4  | Got a decaying rune of Zot
 27314 | Swamp:4  | Reached skill level 15 in Axes
 27516 | Swamp:4  | Reached XP level 18. HP: 141/141 MP: 27/37
 27621 | Swamp:4  | Noticed Mara
 27623 | Swamp:4  | Noticed inmateoo's illusion
 27653 | Swamp:4  | Killed Mara
 28071 | Swamp:2  | Killed a tentacled monstrosity
 28309 | Spider:1 | Entered Level 1 of the Spider Nest
 29013 | Spider:2 | You fall into a shaft and drop 1 floor!
 29023 | Spider:3 | Reached skill level 16 in Axes
 29052 | Spider:3 | Noticed Louise
 29057 | Abyss:2  | Cast into level 2 of the Abyss (Louise)
 29061 | Spider:3 | Escaped the Abyss
 29081 | Spider:3 | Killed Louise
 30357 | Spider:4 | Entered Level 4 of the Spider Nest
 30455 | Spider:4 | Reached XP level 19. HP: 149/149 MP: 32/38
 30860 | Spider:4 | Got a gossamer rune of Zot
 31841 | Elf:1    | Entered Level 1 of the Elven Halls
 31870 | Elf:1    | Found a radiant altar of Vehumet.
 32175 | Elf:1    | Found Ommu's Distillery.
 32188 | Elf:1    | Bought a potion of curing for 57 gold pieces
 32188 | Elf:1    | Bought a potion of curing for 57 gold pieces
 32188 | Elf:1    | Bought a potion of curing for 57 gold pieces
 32188 | Elf:1    | Bought a potion of heal wounds for 95 gold pieces
 32188 | Elf:1    | Bought a potion of berserk rage for 95 gold pieces
 32188 | Elf:1    | Bought a potion of brilliance for 76 gold pieces
 32291 | Elf:1    | Reached skill level 17 in Axes
 32370 | Elf:1    | Reached skill level 15 in Shields
 32567 | Elf:1    | Found a runed translucent gate.
 32567 | Elf:1    | Found a runed translucent gate.
 32570 | Elf:1    | Noticed leavemydog's ghost (adept DECj)
 32571 | Elf:1    | Found a runed translucent gate.
 32789 | Elf:1    | Found a viscous altar of Jiyva.
 32910 | Elf:1    | Killed leavemydog's ghost
 32936 | Elf:1    | Identified the amulet of Makhleb's Inspiration {Acrobat
                  | Fragile rN++ Stlth+}
 32949 | Elf:1    | Identified the +8 whip of Emedocec {vorpal, *Noise +Blink
                  | rCorr Str-2}
 33024 | Elf:2    | Found Tuqiud's Magic Scroll Shop.
 33039 | Elf:2    | Bought a scroll of teleportation for 42 gold pieces
 33039 | Elf:2    | Bought a scroll of teleportation for 42 gold pieces
 33039 | Elf:2    | Bought a scroll of magic mapping for 105 gold pieces
 33077 | Elf:2    | Found a frozen archway.
 33123 | IceCv    | Entered an ice cave
 33224 | IceCv    | Reached skill level 15 in Invocations
 33475 | IceCv    | Reached XP level 20. HP: 145/158 MP: 40/40
 33770 | Elf:2    | Found Guppiur's CLEARANCE SALE!.
 33829 | Elf:2    | Found Bylu's General Store.
 33830 | Elf:2    | Found a runed translucent gate.
 33830 | Elf:2    | Found a runed translucent gate.
 33830 | Elf:2    | Found a runed translucent gate.
 33831 | Elf:2    | Found the +7 great mace "Undeadhunter" {disrupt, rN+}
 33832 | Elf:2    | Noticed Imanium's ghost (adept MiFi)
 33833 | Elf:2    | Found an iron altar of Okawaru.
 33842 | Elf:2    | Bought a Grand Grimoire for 612 gold pieces
 33942 | Elf:2    | Found a huge runed translucent gate.
 33942 | Elf:2    | Found a huge runed translucent gate.
 33942 | Elf:2    | Found a huge runed translucent gate.
 33948 | Elf:2    | Found a huge runed translucent gate.
 33948 | Elf:2    | Found a huge runed translucent gate.
 34175 | Elf:2    | Identified the +0 leather armour "Sos Hoff" {rF+++ Will+++
                  | Dex-5 Slay-5}
 34216 | Elf:2    | Killed Imanium's ghost
 34332 | Elf:3    | Entered Level 3 of the Elven Halls
 34376 | Elf:3    | Identified the +6 short sword "Goblinbane" {freeze, *Rage
                  | rF+ rCorr Dex+8}
 34437 | Elf:3    | Found Boraob's Antique Armour Boutique.
 34454 | Elf:3    | Bought a pair of glowing boots for 255 gold pieces
 34454 | Elf:3    | Found Woobamny's Armour Shop.
 34854 | Elf:3    | Reached skill level 18 in Axes
 34979 | Elf:3    | Identified the +5 lajatang of Afussoec {spect, rC++ Str-3
                  | Int+4}
 34979 | Elf:3    | Identified the amulet of the Messenger {Acrobat Dex+3}
 34989 | Elf:3    | Identified the +6 flail "Fuekut" {freeze, rF+}
 35079 | Elf:3    | Found the +8 storm bow {elec, penet}
 35080 | Elf:3    | Found the +10 Black Knight's barding {ponderous, rPois rN+}
 35117 | Elf:3    | Identified the +2 arbalest "Riasim" {penet, rElec}
 35118 | Elf:3    | Identified the +7 short sword of the Protecting Gods {pain,
                  | *Slow rF+++ rC+ Dex+3}
 35980 | Vaults:1 | Entered Level 1 of the Vaults
 36058 | Vaults:1 | Found a crumbling gateway.
 36100 | Vaults:1 | Learned a level 7 spell: Malign Gateway
 36101 | Desolati | Entered the Desolation of Salt
 36170 | Desolati | Reached XP level 21. HP: 166/166 MP: 37/42
 36239 | Desolati | Identified the ring "Bec Vout" {rElec rF+ Will- Int+7}
 36295 | Desolati | Identified the +4 short sword "Cev Gacw" {vorpal, rElec
                  | rPois Str+6 Dex-3}
 36349 | Desolati | Identified the +7 long sword "Gyff" {vamp, Str+3}
 36354 | Desolati | Got Nadeul's Folio of the Generative Nimbus
 36407 | Desolati | Reached skill level 15 in Dodging
 36419 | Desolati | Got the Atlas of the Remoulded Pyre
 36465 | Desolati | Got Lalug's Grimoire of the Dead and Conjuration
 36521 | Desolati | Identified the ring of Paranoia {rCorr Str+2}
 36524 | Desolati | Reached skill level 15 in Stealth
 36557 | Desolati | Identified the +2 great sword of Tuodetuly {vamp, Str+7}
 36579 | Desolati | Identified the ring of Olauc {Wiz Slay+2}
 36603 | Desolati | Got the Anthology of the Glacier and the Lithosphere
 36614 | Desolati | Identified the +11 plate armour "Asygudan" {Contam Rampage
                  | Dex+6}
 36617 | Desolati | Identified the +1 scale mail of the Immovable Hosts {Str+4
                  | Dex-3 Stlth+}
 36724 | Desolati | Identified the +2 great sword of the Nine Dances
                  | {antimagic, rCorr Str-2 Int-4 Stlth+}
 36815 | Desolati | Got the Commentary on Gathered Malediction
 37238 | Vaults:1 | Reached skill level 15 in Unarmed Combat
 37283 | Vaults:1 | Reached skill level 19 in Axes
 37394 | Vaults:1 | Reached skill level 15 in Fighting
 37394 | Vaults:1 | Reached skill level 15 in Short Blades
 37394 | Vaults:1 | Reached skill level 15 in Long Blades
 37394 | Vaults:1 | Reached skill level 15 in Maces & Flails
 37394 | Vaults:1 | Reached skill level 15 in Polearms
 37394 | Vaults:1 | Reached skill level 15 in Staves
 37394 | Vaults:1 | Reached skill level 15 in Ranged Weapons
 37394 | Vaults:1 | Reached skill level 15 in Throwing
 37394 | Vaults:1 | Reached skill level 15 in Armour
 37394 | Vaults:1 | Reached skill level 15 in Evocations
 38357 | Vaults:2 | Got Doekyi Umno's Volume of Hurtful Mustering
 38517 | Vaults:2 | Identified the amulet "Gudoth" {Acrobat rF- rN+++ Will-
                  | rCorr}
 38789 | Vaults:2 | Reached XP level 22. HP: 128/175 MP: 22/43
 39207 | Vaults:2 | Found Qoginom's Distillery.
 39773 | Vaults:3 | Found a staircase to the Crypt.
 39773 | Vaults:3 | Found an ancient bone altar of Kikubaaqudgha.
 39773 | Vaults:3 | Found a basalt altar of Yredelemnul.
 39995 | Vaults:3 | Found Hiawu's Book Shop.
 40182 | Vaults:3 | Noticed Frederick
 40196 | Vaults:3 | Killed Frederick
 40255 | Vaults:3 | Noticed a golden dragon
 40263 | Vaults:3 | Killed a golden dragon
 40283 | Vaults:3 | Noticed Xtahua
 40293 | Vaults:3 | Killed Xtahua
 40416 | Vaults:3 | Identified the +4 battleaxe of Sunlight {flame, rF- rC++
                  | MP+9}
 40416 | Vaults:3 | Identified the +0 robe "Sininn" {+Inv rPois Int-4}
 40425 | Vaults:3 | Reached skill level 20 in Axes
 40714 | Vaults:4 | Noticed Margery
 40729 | Vaults:4 | Killed Margery
 40949 | Vaults:4 | Noticed Bai Suzhen
 40963 | Vaults:4 | Killed Bai Suzhen
 41203 | Vaults:4 | Identified the +0 chain mail of Dull Surprise {Will+ Str+3
                  | Dex+2}
 41493 | Vaults:4 | Reached XP level 23. HP: 183/183 MP: 41/45
 41527 | Vaults:4 | Found Witieluj's Antique Armour Shoppe.
 41531 | Vaults:4 | Identified the +0 robe of Fesubbum {Regen+ Archmagi}
 41604 | Vaults:4 | Bought a shiny helmet for 225 gold pieces
 41619 | Vaults:4 | Bought an emerald-encrusted scale mail for 270 gold pieces
 41619 | Vaults:4 | Identified the +6 scale mail of Complete Protection {rElec
                  | rN+ Will-} (You bought it in a shop on level 4 of the
                  | Vaults)
 41841 | Vaults:4 | Found the +3 pair of mountain boots {steadfast, rC+}
 41954 | Vaults:4 | Learned a level 8 spell: Ignition
 42070 | Vaults:4 | Learned a level 2 spell: Passwall
 42325 | Vaults:5 | Entered Level 5 of the Vaults
 42329 | Vaults:5 | Reached skill level 15 in Transmutations
 42663 | Vaults:4 | Reached skill level 21 in Axes
 42785 | Vaults:5 | Noticed a golden dragon
 42794 | Vaults:5 | Killed a golden dragon
 43152 | Vaults:5 | Got a silver rune of Zot
 43164 | Vaults:5 | Identified the +9 lajatang "Mouth" {elec, Str+2}
 43382 | Vaults:5 | Identified the ring of the Living God {rPois rN+ Dex+3}
 43399 | Vaults:5 | Identified the ring of Eshuculaj {rCorr Dex+2}
 43403 | Vaults:5 | Identified the +1 leather armour "Kiemmadd" {Regen+ Str+4
                  | Stlth+}
 43413 | Vaults:5 | Identified the +9 rapier of Turmoil {spect, rPois rC- SInv}
 43417 | Vaults:5 | Got the Essays on Poisoning
 43730 | Vaults:5 | Found Liebihok's Weapon Emporium.
 43790 | Vaults:5 | Reached XP level 24. HP: 193/193 MP: 39/45
 43794 | Vaults:5 | Reached XP level 25. HP: 199/199 MP: 40/45
 44530 | Slime:1  | Entered Level 1 of the Pits of Slime
 45751 | Slime:4  | Gained mutation: You have hidden genetic defects. [a
                  | shining eye]
 46072 | Slime:5  | Entered Level 5 of the Pits of Slime
 46092 | Slime:5  | Noticed Dissolution
 46097 | Slime:5  | Killed Dissolution
 46105 | Slime:5  | Reached skill level 22 in Axes
 46111 | Slime:5  | Noticed the Royal Jelly
 46255 | Slime:5  | Killed the Royal Jelly
 46258 | Slime:5  | Gained mutation: You sometimes lose your temper in combat.
                  | [hidden defects]
 46475 | Slime:4  | Lost mutation: You have hidden genetic defects. [potion of
                  | mutation]
 46475 | Slime:4  | Lost mutation: You sometimes lose your temper in combat.
                  | [potion of mutation]
 46475 | Slime:4  | Lost mutation: You occasionally lose the ability to drink
                  | potions when taking damage. [potion of mutation]
 46475 | Slime:4  | Gained mutation: You are covered in fur. (AC +1) [potion of
                  | mutation]
 46475 | Slime:4  | Gained mutation: You are agile. (Dex +4, Str/Int -1)
                  | [potion of mutation]
 46563 | Slime:5  | Got a slimy rune of Zot
 46579 | Slime:5  | Identified the +1 rapier "Arcanum" {venom, rPois rN+++
                  | Dex-2 SInv}
 46604 | Slime:5  | Identified the +6 great mace "Wohuu" {drain, rN+ Str+2
                  | Dex+3}
 46613 | Slime:5  | Identified the ring of Giwaryu {Wiz rElec rC+ Will+}
 46684 | Slime:5  | Identified the +7 shortbow of Benevolence {flame, rElec
                  | rN+}
 46686 | Slime:5  | Identified the +7 flail of Qazlal's Respect {vorpal, Will+}
 47794 | Crypt:1  | Entered Level 1 of the Crypt
 47916 | Crypt:1  | Noticed Aizul
 47927 | Crypt:1  | Killed Aizul
 48838 | Crypt:2  | Identified the +0 chain mail "Unlimav" {Will+ Str+6}
 49017 | Crypt:2  | Noticed Donald
 49026 | Crypt:2  | Killed Donald
 49232 | Crypt:3  | Entered Level 3 of the Crypt
 49251 | Crypt:3  | Reached XP level 26. HP: 209/209 MP: 37/46
 49579 | Crypt:3  | Found a staircase to the Tomb.
 49636 | Crypt:3  | Found an ancient bone altar of Kikubaaqudgha.
 49636 | Crypt:3  | Noticed a dread lich
 49648 | Crypt:3  | Killed a dread lich
 49679 | Crypt:3  | Found the +4 dagger "Morg" {pain, Will+ Int+5}
 49690 | Crypt:3  | Identified the +6 falchion "Spiderbane" {vorpal, rElec rC+
                  | rN+ Stlth+}
 49778 | Crypt:3  | Reached skill level 15 in Conjurations
 49778 | Crypt:3  | Reached skill level 15 in Hexes
 49778 | Crypt:3  | Reached skill level 15 in Summonings
 49778 | Crypt:3  | Reached skill level 15 in Necromancy
 49778 | Crypt:3  | Reached skill level 15 in Translocations
 49778 | Crypt:3  | Reached skill level 15 in Fire Magic
 49778 | Crypt:3  | Reached skill level 15 in Ice Magic
 49778 | Crypt:3  | Reached skill level 15 in Air Magic
 49778 | Crypt:3  | Reached skill level 15 in Earth Magic
 49778 | Crypt:3  | Reached skill level 15 in Poison Magic
 49918 | Crypt:3  | Identified the ring "Ofejasch" {rN+ Str+6 Dex+6}
 49918 | Crypt:3  | Identified the ring of Jeoplob {rC+ rN+ Will- rCorr SInv}
 50252 | Tomb:1   | Entered Level 1 of the Tomb of the Ancients
 50885 | Tomb:1   | Reached skill level 23 in Axes
 50978 | Tomb:1   | Identified the +1 ring mail "Hofoz" {Will+ Str+3}
 51211 | Tomb:1   | Learned a level 9 spell: Shatter
 51509 | Tomb:1   | Noticed a royal mummy
 51509 | Tomb:1   | Noticed a royal mummy
 51509 | Tomb:1   | Noticed a royal mummy
 51509 | Tomb:1   | Noticed a royal mummy
 51510 | Tomb:1   | Noticed a royal mummy
 51512 | Tomb:1   | Killed a royal mummy
 51513 | Tomb:1   | Killed a royal mummy
 51513 | Tomb:1   | Killed a royal mummy
 51513 | Tomb:1   | Killed a royal mummy
 51514 | Tomb:1   | Noticed a royal mummy
 51515 | Tomb:1   | Noticed a royal mummy
 51517 | Tomb:1   | Killed a royal mummy
 51713 | Tomb:1   | Killed a royal mummy
 51718 | Tomb:1   | Noticed a royal mummy
 51721 | Tomb:1   | Killed a royal mummy
 51846 | Tomb:1   | Noticed a royal mummy
 51849 | Tomb:1   | Noticed a royal mummy
 51851 | Tomb:1   | Noticed a royal mummy
 51857 | Tomb:1   | Killed a royal mummy
 51862 | Tomb:1   | Killed a royal mummy
 52009 | Tomb:1   | Noticed a royal mummy
 52018 | Tomb:1   | Killed a royal mummy
 52169 | Tomb:1   | Noticed a royal mummy
 52179 | Tomb:1   | Killed a royal mummy
 52181 | Tomb:1   | Noticed a royal mummy
 52197 | Tomb:1   | Killed a royal mummy
 52402 | Tomb:1   | Noticed a royal mummy
 52409 | Tomb:1   | Killed a royal mummy
 52425 | Tomb:1   | Killed a royal mummy
 52434 | Tomb:1   | Killed a royal mummy
 52683 | Tomb:2   | Reached XP level 27. HP: 217/217 MP: 27/46
 52837 | Tomb:2   | Noticed a royal mummy
 52854 | Tomb:2   | Killed a royal mummy
 52866 | Tomb:2   | Noticed a royal mummy
 52869 | Tomb:2   | Noticed a royal mummy
 52876 | Tomb:2   | Killed a royal mummy
 52883 | Tomb:2   | Killed a royal mummy
 52891 | Tomb:2   | Noticed a royal mummy
 52898 | Tomb:2   | Killed a royal mummy
 53001 | Tomb:2   | Gained mutation: Your magical capacity is low. (-10% MP)
                  | [mutagenic glow]
 53008 | Tomb:2   | Gained mutation: Potions are less effective at restoring
                  | your health. [mutagenic glow]
 53196 | Tomb:2   | Lost mutation: Potions are less effective at restoring your
                  | health. [potion of mutation]
 53196 | Tomb:2   | Lost mutation: You are covered in fur. (AC +1) [potion of
                  | mutation]
 53196 | Tomb:2   | Gained mutation: You possess an exceptional clarity of
                  | mind. [potion of mutation]
 53197 | Tomb:2   | Lost mutation: Your magical capacity is low. (-10% MP)
                  | [potion of mutation]
 53197 | Tomb:2   | Lost mutation: You possess an exceptional clarity of mind.
                  | [potion of mutation]
 53197 | Tomb:2   | Lost mutation: You are agile. (Dex +4, Str/Int -1) [potion
                  | of mutation]
 53197 | Tomb:2   | Gained mutation: You have large cloven feet. [potion of
                  | mutation]
 53197 | Tomb:2   | Gained mutation: You possess an exceptional clarity of
                  | mind. [potion of mutation]
 53798 | Tomb:3   | Entered Level 3 of the Tomb of the Ancients
 53808 | Tomb:3   | Noticed a royal mummy
 53809 | Tomb:3   | Noticed a royal mummy
 53814 | Tomb:3   | Found the +5 demon whip "Spellbinder" {antimagic, Will+}
 53815 | Tomb:3   | Noticed a royal mummy
 53820 | Tomb:3   | Noticed a royal mummy
 53822 | Tomb:3   | Noticed a royal mummy
 53890 | Tomb:3   | Noticed a royal mummy
 53896 | Tomb:3   | Noticed a royal mummy
 53899 | Tomb:3   | Killed a royal mummy
 53899 | Tomb:3   | Killed a royal mummy
 53899 | Tomb:3   | Killed a royal mummy
 53905 | Tomb:3   | Noticed a royal mummy
 53906 | Tomb:3   | Reached skill level 24 in Axes
 53906 | Tomb:3   | Killed a royal mummy
 53906 | Tomb:3   | Killed a royal mummy
 53907 | Tomb:3   | Killed a royal mummy
 53911 | Tomb:3   | Noticed a royal mummy
 53991 | Tomb:3   | Killed a royal mummy
 53992 | Tomb:3   | Killed a royal mummy
 53994 | Tomb:3   | Paralysed by a Zot trap for 4 turns
 53997 | Tomb:3   | HP: 5/276 [mummy priest/divine providence (16)]
 53997 | Tomb:3   | HP: 2/276 [bennu (3)]
 54279 | Tomb:3   | Killed a royal mummy
 54370 | Tomb:3   | Identified the ring of Maorhuw {*Slow Str+6 Int+2 Slay+2}
 54412 | Tomb:3   | Identified the amulet "Tulen" {Spirit Str+4}
 54417 | Tomb:3   | Identified the +8 scimitar of Harmony {vamp, *Slow rPois
                  | rCorr Dex-3}
 54700 | Tomb:3   | Got a golden rune of Zot
 54781 | Tomb:3   | Identified the +4 morningstar of Gunythath {freeze, rCorr
                  | Dex+3}
 54848 | Tomb:1   | Noticed a royal mummy
 54857 | Tomb:1   | Killed a royal mummy
 54862 | Tomb:1   | Noticed a royal mummy
 54870 | Tomb:1   | Killed a royal mummy
 55073 | Abyss:5  | Cast into level 5 of the Abyss (unwielding a weapon of
                  | distortion)
 55110 | Abyss:5  | Got an abyssal rune of Zot
 55153 | Tomb:3   | Escaped the Abyss
 55596 | Depths:1 | Entered Level 1 of the Depths
 55612 | Depths:1 | Learned a level 8 spell: Summon Horrible Things
 55623 | Depths:1 | Learned a level 8 spell: Maxwell's Capacitive Coupling
 55633 | Depths:1 | Found a one-way gate to the infinite horrors of the Abyss.
 55657 | Depths:1 | Noticed Asterion
 55669 | Depths:1 | Killed Asterion
 55995 | Depths:1 | Identified the +9 long sword "Yqeirphu" {flame, rC+ rN+}
 56283 | Depths:1 | Found a one-way gateway to a ziggurat.
 56287 | Depths:1 | Noticed Sojobo
 56296 | Depths:1 | Paralysed by an air elemental for 1 turns
 56307 | Depths:1 | Killed Sojobo
 56523 | Depths:1 | Found a gateway to Hell.
 56760 | Depths:2 | Found a magical portal.
 56770 | WizLab   | Entered Borgnjor's Mausoleum
 56998 | WizLab   | Reached skill level 25 in Axes
 58095 | Depths:2 | Found a sacrificial altar of Ru.
 58171 | Depths:2 | Found a one-way gate leading to the halls of Pandemonium.
 58505 | Depths:3 | Found a runed translucent door.
 58543 | Depths:3 | Found a runed translucent door.
 58557 | Depths:3 | Found a runed translucent door.
 58560 | Depths:3 | Found a runed translucent door.
 58627 | Depths:3 | Got the Tractate on Bewitching Feathers
 58949 | Depths:3 | Found Qungi's Jewellery Shoppe.
 58950 | Depths:3 | Found Wynn's Book Shop.
 58950 | Depths:3 | Found Tuonkij's Book Shop.
 58958 | Depths:3 | Bought the amulet of Vitality {RegenMP++ Regen++} for 1200
                  | gold pieces
 58958 | Depths:3 | Found the amulet of Vitality {RegenMP++ Regen++}
 58974 | Depths:3 | Bought a manual of Shields for 1360 gold pieces
 58991 | Depths:3 | Noticed the Enchantress
 58996 | Depths:3 | Killed the Enchantress
 59615 | Depths:4 | Entered Level 4 of the Depths
 59907 | Depths:4 | Found a gate to the Realm of Zot.
 60118 | Depths:4 | Identified the +1 leather armour "Yletwaic" {Int+7}
 60149 | Depths:4 | Found Big Baal Hell's Store.
 60212 | Depths:4 | Bought a +2 pair of gloves of cold resistance for 1419 gold
                  | pieces
 60379 | Zot:1    | Entered Level 1 of the Realm of Zot
 60394 | Zot:1    | Reached skill level 26 in Axes
 60448 | Zot:1    | Noticed an orb of fire
 60455 | Zot:1    | Gained mutation: You occasionally shout uncontrollably at
                  | your foes. [an orb of fire]
 60459 | Zot:1    | Killed an orb of fire
 61202 | Zot:2    | Noticed Grunn
 61290 | Zot:2    | Killed Grunn
 62637 | Zot:3    | Reached skill level 27 in Axes
 62977 | Zot:4    | Noticed an orb of fire
 62988 | Zot:4    | Killed an orb of fire
 63013 | Zot:4    | Identified the +0 robe of the Chupacabra {Will+}
 63226 | Zot:4    | Identified the +3 scale mail of Uteuf {-Tele Rampage Dex+9}
 63456 | Zot:5    | Entered Level 5 of the Realm of Zot
 63766 | Zot:5    | Noticed a dread lich
 63770 | Zot:5    | Killed a dread lich
 63806 | Zot:5    | Noticed an ancient lich
 63814 | Zot:5    | Killed an ancient lich
 63825 | Zot:5    | Noticed an orb of fire
 63830 | Zot:5    | Killed an orb of fire
 64184 | Zot:5    | Noticed an orb of fire
 64188 | Zot:5    | Gained mutation: You occasionally lose the ability to read
                  | scrolls when taking damage. [an orb of fire]
 64190 | Zot:5    | Killed an orb of fire
 64190 | Zot:5    | Noticed an orb of fire
 64195 | Zot:5    | Killed an orb of fire
 64282 | Zot:5    | Noticed an ancient lich
 64295 | Zot:5    | Killed an ancient lich
 64420 | Zot:5    | Lost mutation: You occasionally lose the ability to read
                  | scrolls when taking damage. [potion of mutation]
 64420 | Zot:5    | Lost mutation: You have large cloven feet. [potion of
                  | mutation]
 64420 | Zot:5    | Gained mutation: You have a pair of small horns on your
                  | head. [potion of mutation]
 64420 | Zot:5    | Gained mutation: You are partially covered in iridescent
                  | scales. (AC +2) [potion of mutation]
 64420 | Zot:5    | Gained mutation: You have extremely sharp teeth. [potion of
                  | mutation]
 64514 | Pan      | Entered Pandemonium
 64518 | Pan      | Noticed Rafanaf the pandemonium lord
 64556 | Pan      | Killed Rafanaf the pandemonium lord
 64866 | Pan      | Found a runed translucent door.
 64912 | Pan      | Got a demonic rune of Zot
 64948 | Pan      | Gained mutation: You occasionally lose the ability to read
                  | scrolls when taking damage. [a cacodemon]
 65088 | Pan      | Noticed Ozeso the pandemonium lord
 65135 | Pan      | Killed Ozeso the pandemonium lord
 65142 | Pan      | HP: 9/230 [??? (6)]
 65145 | Pan      | HP: 3/230 [Brimstone Fiend/damnation (33)]
 65281 | Pan      | Learned a level 9 spell: Polar Vortex
 65376 | Pan      | Gained mutation: You are frail. (-10% HP) [a cacodemon]
 65676 | Pan      | Noticed Nolaxal the pandemonium lord
 65681 | Pan      | Killed Nolaxal the pandemonium lord
 65853 | Pan      | Found an exit through the horrors of the Abyss.
 65903 | Pan      | Got the Papyrus of Interference and Unhallowed Arts
 66390 | Depths:4 | Escaped Pandemonium
 66414 | Pan      | Entered Pandemonium
 66527 | Pan      | Found an exit through the horrors of the Abyss.
 66538 | Pan      | Noticed Xaneil the pandemonium lord
 66547 | Pan      | Killed Xaneil the pandemonium lord
 66608 | Pan      | Noticed Yskycs the pandemonium lord
 66618 | Pan      | Killed Yskycs the pandemonium lord
 66646 | Pan      | Identified the +5 glaive "Hont" {vorpal, Int+3 Stlth-}
 66668 | Pan      | Noticed Gewokyna the pandemonium lord
 66673 | Pan      | Killed Gewokyna the pandemonium lord
 66678 | Pan      | Killed from afar by a hellion

Illustrated notes

Levels and vault maps discovered:
D:1:      dpeg_arrival_stone_temple_mockup, layout_basic, serial_shops, shop,
          nicolae_ecumenical_snake_handling, minmay_octomino_c4
D:2:      layout_loops_cross
D:3:      layout_loops_ring, nzn_wu_jian_council_hall, grunt_decor_mini_mirrors,
          roderic_roman_lattice, minmay_box_of_dots, uniq_grinder
D:4:      minmay_octagon_keep, layout_basic, xom_teletrap_fun,
          pf_just_have_faith, serial_shops, shop, dreamdust_wishing_well,
          chequers_arboretum
D:5:      layout_basic, uniq_ijyb
D:6:      lemuel_insect_pit, layout_cave_pools, amcnicky_altar_gilded,
          minmay_temple_entry_crystal_x, serial_undead, serial_undead_a,
          serial_undead_f, serial_undead_f, serial_undead_f,
          uniq_crazy_yiuf_cottage, uniq_eustachio
D:7:      layout_loops_ring, kennysheep_generic_room_16
D:8:      layout_loops_cross, mainiacjoe_overflow_24_doors,
          kennysheep_flooded_box
D:9:      minmay_the_grid_plus_closed [minmay_the_grid_all_tris,
          minmay_the_grid_tri_star, minmay_the_grid_outer_diamond,
          minmay_the_grid_minigrid_small,
          minmay_the_grid_prize_shrinking_boxes], layout_stronghold,
          orc_0_dummy, enter_bailey_4
D:10:     layout_loops_ring, grunt_ashenzari_visionary
          [grunt_ashenzari_visionary_swamp, grunt_ashenzari_visionary_spider],
          david_lair_shrubbed, nzn_ghost_randoct, nicolae_figureground_pulse
D:11:     layout_loops_ring
D:12:     layout_rooms, nicolae_trove_entry_columns, special_room
          [special_room_orc]
D:13:     lemuel_bear_cage, layout_loops_ring, david_vaults_4, feat_on_display,
          uniq_nessos
D:14:     layout_basic, uniq_agnes
D:15:     gammafunk_enter_depths_forms, layout_cave_pools, serial_shops,
          nicolae_shop_competitors_out_of_business, serial_bayou_shore_a,
          zin_statuary, uniq_jorgrun, uniq_roxanne
Lair:1:   layout_small_grid, nicolae_lair_grove_arrangements,
          serial_bayou_shore_b, grunt_megastairs_3, lemuel_fruit_fields,
          lemuel_fruit_tree
Lair:2:   layout_long_grid, skrybe_swamp_entry_bodies,
          nicolae_spider_entry_orb_guardian, uniq_amaemon
Lair:3:   layout_layer_cave, dpeg_oklob_1, grunt_megastairs_1, uniq_urug,
          uniq_kirke, uniq_snorg
Lair:4:   layout_gridlike
Lair:5:   minmay_lair_end_enchanted_forest, layout_hall_layers,
          minmay_slime_entry_oklob_enclosed, grunt_megastairs_5,
          infiniplex_staircase_pool_2, lemuel_fruit_fields, lemuel_fruit_fields
Swamp:1:  layout_basic_swamp, hangedman_swamp_diagram, swamp_pool1,
          nicolae_swamp_bean_lake
Swamp:2:  gammafunk_sealed_arena, layout_basic_swamp, serial_swamp_ruin,
          evilmike_swamp_ruin_house_2, evilmike_swamp_ruin_house_3, swamp_pool1,
          uniq_mlioglotl
Swamp:3:  layout_basic_swamp, evilmike_swamp_ruin_rubble_1,
          nicolae_swamp_big_swirl
Swamp:4:  swamp_basic_johnstein, layout_basic_swamp, uniq_mara
Spider:1: layout_spider_delve, nicolae_spider_circle_web, drop_trap
Spider:2: layout_spider_delve
Spider:3: layout_spider_delve, uniq_louise
Spider:4: hellmonk_spider_rune_bug_friends
Slime:1:  cheibrodos_slime_lost_civilization_3, layout_caves
Slime:2:  layout_caves
Slime:3:  layout_caves
Slime:4:  layout_caves, cheibrodos_slime_lost_civilization_5
Slime:5:  uniq_dissolution
Orc:1:    layout_diamond_mine, serial_shops, shop, elves_outpost_lemuel
Orc:2:    st_orc_elflike, layout_diamond_mine
Elf:1:    eino_elf_arrival_altar, layout_gridlike, serial_aquarium,
          aquarium_bridge_straight [aquarium_subvault_bridge,
          aquarium_subvault_window, aquarium_subvault_bridge,
          aquarium_subvault_window], aquarium_bridge_square
          [aquarium_subvault_bridge, aquarium_subvault_bridge,
          aquarium_subvault_bridge, aquarium_subvault_bridge],
          aquarium_window_corridor_3, aquarium_window_fake, aquarium_window_1,
          aquarium_view_2g, aquarium_view_2d, aquarium_balcony_double_4,
          aquarium_pool_four, gammafunk_ghost_ooze, serial_shops, shop,
          kennysheep_underground_church
Elf:2:    elven_hall_of_blades_hangedman_alternative [mumra_blade_entry_dagger],
          layout_rooms, gammafunk_ghost_fury_of_okawaru, serial_shops,
          nicolae_stop_n_shop_2, nicolae_shop_behind_doors,
          portal_ice_cave_entry_pillars_2, nicolae_shop_clearance
Elf:3:    minmay_elf_hall_statues, layout_loops_ring,
          serial_sigils_hangedman_etch, minmay_shoptagon
Vaults:1: portal_desolation_entry_nicolae_nacl, dpeg_vaults_monster_row,
          nicolae_vaults_big_ls, v_misc_18, grunt_vaults_focal,
          vaults_room_large_hall, nicolae_vaults_mini_display_case,
          nicolae_vaults_little_squares_4, ontoclasm_vaults_decontamination,
          layout_vaults_big_room
Vaults:2: ontoclasm_vaults_eye, v_pattern_2, vaults_dpeg_cross,
          hangedman_vaults_stretched_pinwheel, nicolae_vaults_big_angled_halls,
          grunt_vaults_bifocal, nicolae_vaults_little_squares_5,
          ontoclasm_vaults_ligature, ontoclasm_vaults_shout,
          vaults_mumra_minichess, vaults_room_pools, ontoclasm_vaults_spin,
          v_rooms_5, layout_vaults_omnigrid, serial_shops, shop_statue
Vaults:3: st_octagons_2, v_misc_26, minmay_crypt_entry_necro_gods,
          hangedman_vaults_pinch, vaults_mumra_hexcomb, vaults_standard_mumra_x,
          nicolae_vaults_little_squares_3, vaults_standard_mumra_lines,
          nicolae_vaults_network_square, nicolae_vaults_little_squares_4,
          nicolae_vaults_little_squares_1, nicolae_vaults_diagonal_hallway_7,
          layout_vaults_maze_snakey, serial_shops, nicolae_shop_waterfront,
          uniq_frederick, uniq_xtahua
Vaults:4: st_star, nicolae_vaults_inception_corners, v_rooms_1,
          ontoclasm_vaults_fault, nicolae_vaults_network_quinsquares
          [nicolae_vaults_network_quincunx_subvault,
          nicolae_vaults_network_quincunx_subvault,
          nicolae_vaults_network_quincunx_subvault,
          nicolae_vaults_network_quincunx_subvault], hangedman_vaults_slice,
          ontoclasm_vaults_idyll, nicolae_vaults_little_squares_1,
          nicolae_vaults_sealed_display, layout_vaults_omnicross, serial_shops,
          nicolae_shop_hallway_stairs, uniq_margery, uniq_bai_suzhen
Vaults:5
Crypt:1:  layout_chaotic_city, roderic_lattice_octagonal_star, uniq_aizul
Crypt:2:  layout_gridlike, uniq_donald
Crypt:3:  cryptofortress_bobbens
Tomb:1
Tomb:2
Tomb:3
Depths:1: hangedman_cross_veins, layout_cave_pools, enter_ziggurat_f,
          hangedman_abyss_entry_splay, grunt_metal_band, nrook_mini_backslash,
          evilmike_butchery, uniq_asterion, uniq_sojobo
Depths:2: hangedman_hanging_gardens, layout_gridlike, grunt_hell_entry_dis_old,
          rand_demon_pan_entry_9, abyss_entry_glasseish,
          infiniplex_enter_wizlab_water, nicolae_ru_awakened_eye
Depths:3: impenetrable_vault, layout_gridlike, abyss_entry,
          hangedman_abyss_or_decor_clamps, hell_entry, hex_tiny,
          minmay_shop_grove, minmay_staircase_windowed_large, uniq_enchantress
Depths:4: evilmike_zot_entry_diamond, layout_cave_pools,
          nicolae_hell_entry_big_baal_hell, grunt_pan_entry_spiral
Zot:1:    layout_gridlike, bh_zot_levy_curve
Zot:2:    kennysheep_room_grid, layout_gridlike, uniq_grunn
Zot:3:    grunt_zot_stairs_faceoff, layout_twisted_circle
Zot:4:    layout_misc_corridors, hangedman_zot_decor_checkerboard
Zot:5:    layout_twisted_circle
Pan:      regret_index_pan_draining_boxed, layout_irregular_city,
          pan_captured_pigsty, nicolae_pan_sigil_uleosi,
          nicolae_pan_gloorx_vloqian_2, pan_surprise, rand_demon_8,
          layout_grid_shapes, pan_blood_fountain, nicolae_pan_glass_arcs,
          layout_basic, grunt_pan_in_and_out, layout_gridville,
          pan_blood_fountain_small, gammafunk_the_bubble
          [the_bubble_gammafunk_split], layout_basic, nicolae_pan_sigil_uleosi,
          evilmike_mini_pan_branches, layout_stronghold, rand_demon_6,
          layout_gridlike, evilmike_mini_pan_pillars_b, layout_gridlike,
          evilmike_mini_pan_possible_glass, layout_grid_shapes

Skill      XL: |  1  2  3  4  5  6  7  8  9 10 11 12 13 14 15 16 17 18 19 20 21 22 23 24 25 26 27 |
---------------+----------------------------------------------------------------------------------+-----
Spellcasting   | 10 11 12 13 14 15 16 17 18 19 23 | 23.4
Invocations    | 1 2 3 4 5 6 7 8 10 11 12 13 14 15 16 17 18 19 23 | 23.7
Fighting       | 1 2 3 5 6 7 8 9 10 11 12 13 14 15 16 17 18 22 | 22.0
Short Blades   | 1 2 3 5 6 7 8 9 10 11 12 13 14 15 16 17 18 22 | 22.0
Long Blades    | 1 2 3 5 6 7 8 9 10 11 12 13 14 15 16 17 18 24 | 24.1
Axes           | 1 2 3 5 6 7 8 9 11 12 14 15 16 17 18 19 20 21 22 23 27 | 27.0
Maces & Flails | 1 2 3 5 6 7 8 9 10 11 12 13 14 15 16 17 18 22 | 22.0
Polearms       | 1 2 3 5 6 7 8 9 10 11 12 13 14 15 16 17 18 22 | 22.0
Staves         | 1 2 3 5 6 7 8 9 10 11 12 13 14 15 16 17 18 22 | 22.0
Ranged Weapons | 1 2 3 5 6 7 8 9 10 11 12 13 14 15 16 17 18 22 | 22.0
Throwing       | 1 2 3 5 6 7 8 9 10 11 12 13 14 15 16 17 18 22 | 22.0
Armour         | 1 2 3 5 6 7 8 9 10 11 12 13 14 15 16 17 18 22 | 22.0
Unarmed Combat | 1 2 3 5 6 7 8 9 10 11 12 13 14 15 17 18 19 20 26 | 26.8
Evocations     | 1 2 3 5 6 7 8 9 10 11 12 13 14 15 16 17 18 22 | 22.0
Dodging        | 3 4 5 6 7 8 9 10 11 12 13 14 15 16 17 18 22 | 22.1
Stealth        | 3 4 5 6 7 8 9 10 11 12 13 14 15 16 17 18 22 | 22.1
Conjurations   | 1 2 3 4 5 6 7 8 9 10 11 12 13 14 15 18 | 18.8
Hexes          | 1 2 3 4 5 6 7 8 9 10 11 12 13 14 15 18 | 18.8
Summonings     | 1 2 3 4 5 6 7 8 9 10 11 12 13 14 15 18 | 18.8
Necromancy     | 1 2 3 4 5 6 7 8 9 10 11 12 13 14 15 18 | 18.8
Translocations | 1 2 3 4 5 6 7 8 9 10 11 12 13 14 15 18 | 18.8
Transmutations | 1 2 3 4 5 6 7 8 9 10 11 12 13 14 15 16 17 23 | 23.2
Fire Magic     | 1 2 3 4 5 6 7 8 9 10 11 12 13 14 15 18 | 18.8
Ice Magic      | 1 2 3 4 5 6 7 8 9 10 11 12 13 14 15 18 | 18.8
Air Magic      | 1 2 3 4 5 6 7 8 9 10 11 12 13 14 15 18 | 18.8
Earth Magic    | 1 2 3 4 5 6 7 8 9 10 11 12 13 14 15 18 | 18.8
Poison Magic   | 1 2 3 4 5 6 7 8 9 10 11 12 13 14 15 18 | 18.8
Shields        | 7 8 9 10 11 12 13 14 15 16 17 18 19 24 | 24.7

Action                   |  1- 3 |  4- 6 |  7- 9 | 10-12 | 13-15 | 16-18 | 19-21 | 22-24 | 25-27 || total
-------------------------+-------+-------+-------+-------+-------+-------+-------+-------+-------++-------
Melee: Dagger            |    75 |    70 |   197 |    97 |       |       |       |       |       ||   439
       Bite              |     5 |     7 |    34 |    58 |    39 |   105 |   145 |    89 |   489 ||   971
       Unarmed           |       |    10 |       |       |    41 |    66 |    54 |    13 |       ||   184
       Long sword        |       |       |     8 |       |       |       |       |       |       ||     8
       Mace              |       |       |       |    54 |       |       |       |       |       ||    54
       Flail             |       |       |       |   115 |       |       |       |       |       ||   115
       Whip              |       |       |       |    47 |   227 |       |       |       |       ||   274
       Lance             |       |       |       |       |    35 |   893 |  1003 |   539 |  2774 ||  5244
       Kick              |       |       |       |       |       |       |       |       |   287 ||   287
       Headbutt          |       |       |       |       |       |       |       |       |   141 ||   141
Throw: Boomerang         |       |       |       |       |       |     7 |       |       |    18 ||    25
 Cast: Necrotise         |    24 |    15 |       |       |       |       |       |       |       ||    39
       Sandblast         |     4 |    27 |    71 |     7 |     4 |     1 |       |       |       ||   114
       Tukima's Dance    |       |       |     4 |     5 |     4 |       |       |       |       ||    13
       Summon Ice Beast  |       |       |    11 |    57 |    60 |    94 |    68 |    23 |    41 ||   354
       Olgreb's Toxic Ra |       |       |     4 |    37 |    14 |    29 |    19 |     3 |     2 ||   108
       Summon Mana Viper |       |       |       |    44 |    72 |   103 |    96 |    28 |    66 ||   409
       Blink             |       |       |       |     3 |     1 |     3 |     1 |       |       ||     8
       Summon Forest     |       |       |       |     4 |    31 |    24 |    10 |     2 |    15 ||    86
       Statue Form       |       |       |       |       |    10 |    40 |    64 |    36 |   120 ||   270
       Manifold Assault  |       |       |       |       |    30 |    22 |     5 |       |       ||    57
       Borgnjor's Vile C |       |       |       |       |     1 |     6 |    16 |     2 |    21 ||    46
       Malign Gateway    |       |       |       |       |       |       |    15 |    10 |    60 ||    85
       Ignition          |       |       |       |       |       |       |       |    16 |   152 ||   168
       Passwall          |       |       |       |       |       |       |       |     2 |       ||     2
       Shatter           |       |       |       |       |       |       |       |       |     5 ||     5
       Maxwell's Capacit |       |       |       |       |       |       |       |       |   110 ||   110
       Summon Horrible T |       |       |       |       |       |       |       |       |    57 ||    57
       Polar Vortex      |       |       |       |       |       |       |       |       |     7 ||     7
Invok: Slouch            |       |       |       |       |       |    12 |     6 |       |     5 ||    23
       Temporal Distorti |       |       |       |       |       |       |       |       |     1 ||     1
Evoke: Wand              |       |       |       |     6 |     2 |     7 |     3 |       |     5 ||    23
       Phantom mirror    |       |       |       |     1 |     1 |     1 |     2 |       |     1 ||     6
       Condenser vane    |       |       |       |       |       |       |     1 |       |     2 ||     3
       Box of beasts     |       |       |       |       |       |       |       |       |     2 ||     2
  Use: Scroll            |     2 |     8 |     3 |     8 |     7 |     6 |     6 |     1 |    27 ||    68
       Potion            |       |     1 |       |     1 |       |     4 |       |     1 |    28 ||    35
 Stab: Sleeping          |     6 |     3 |       |    11 |     7 |     3 |    40 |    15 |    31 ||   116
       Distracted        |       |       |     2 |     6 |    14 |    27 |    42 |    25 |    83 ||   199
       Confused          |       |       |       |       |       |     4 |       |       |       ||     4
Armor: Robe              |    22 |     6 |    44 |    10 |       |       |     1 |     7 |    28 ||   118
       Skin              |       |     6 |       |       |    14 |   277 |   178 |   122 |   572 ||  1169
       Steam dragon scal |       |       |       |    89 |    32 |    66 |    18 |       |       ||   205
       Acid dragon scale |       |       |       |       |       |       |       |       |   215 ||   215
Dodge: Dodged            |    44 |    57 |   109 |   332 |   225 |  1214 |   822 |   508 |  3108 ||  6419
Block: Buckler           |    28 |    26 |    71 |   185 |   130 |   696 |   510 |   269 |  1084 ||  2999
       Kite shield       |       |       |       |       |       |       |       |       |  1249 ||  1249
